 Dungeon Crawl Stone Soup version 0.24.0-125-gc4c63601f3 (webtiles) character file.

Game seed: 298426965381723581, levelgen mode: deterministic

2803 Frank2 the Basher (level 9, -1/69 HPs)
             Began as a Demonspawn Gladiator on Feb 29, 2020.
             Was an Initiate of Ru.
             Slain by a two-headed ogre
             ... wielding a cursed -1 giant spiked club
              (8 damage)
             ... on level 8 of the Dungeon.
             The game lasted 00:11:21 (8180 turns).

Frank2 the Basher (Demonspawn Gladiator)            Turns: 8180, Time: 00:11:22

Health: -1/69      AC: 14    Str: 15    XL:     9   Next: 44%
Magic:  9/9        EV: 14    Int: 10    God:    Ru [......]
Gold:   355        SH:  0    Dex: 17    Spells: 8/8 levels left

rFire    . . .     SeeInvis .   w - +0 morningstar
rCold    . . .     Gourm    .   (no shield)
rNeg     . . .     Faith    .   m - +0 ring mail
rPois    .         Spirit   .   c - +1 helmet
rElec    .         Reflect  .   (no cloak)
rCorr    .         Harm     .   (no gloves)
MR       .....                  (no boots)
Stlth    ..........             (no amulet)
HPRegen  0.21/turn              (no ring)
MPRegen  0.11/turn              (no ring)

@: about to teleport, sanguine armour
A: talons 1, nightstalker 1, spiny 1, no stealth, sanguine armour 1
a: Renounce Religion


You were on level 8 of the Dungeon.
You worshipped Ru.
Ru was noncommittal.
You were not hungry.

You visited 2 branches of the dungeon, and saw 9 of its levels.
You also visited: Ossuary.

You collected 467 gold pieces.
You spent 112 gold pieces at shops.

Inventory:

Hand Weapons
 w - a +0 morningstar (weapon)
Missiles
 d - 3 throwing nets (quivered)
Armour
 c - a +1 helmet (worn)
 m - a +0 ring mail (worn)
Jewellery
 y - a +2 ring of strength {unknown}
Wands
 q - a wand of enslavement (3)
Scrolls
 e - 5 scrolls of teleportation
 g - a scroll of magic mapping
 i - 3 scrolls of remove curse
 p - 2 scrolls of fog
 v - 2 scrolls of identify
Potions
 a - 2 potions of mutation {unknown}
 b - 2 potions of resistance
 h - a potion of haste
 j - 4 potions of curing
 k - 3 potions of heal wounds
 n - a potion of magic {unknown}
 o - a potion of brilliance {unknown}
 r - 2 potions of might {unknown}
 t - a potion of invisibility {unknown}
 u - 2 potions of flight
Comestibles
 f - 16 rations
 l - 5 chunks of flesh


   Skills:
 + Level 5.7 Fighting
 + Level 9.0 Maces & Flails
 - Level 1.7 Throwing
 + Level 4.9 Armour
 + Level 5.1 Dodging


You had 8 spell levels left.
You didn't know any spells.
Your spell library contained the following spells:

 Spells                   Type           Power        Failure   Level  Hunger
 Corona                   Hex            #......      56%         1    ##.....
 Magic Dart               Conj           #...         56%         1    ##.....
 Blink                    Tloc           N/A          71%         2    ###....
 Call Imp                 Summ           #.......     71%         2    ###....
 Slow                     Hex            #.......     71%         2    ###....
 Conjure Flame            Conj/Fire      #.......     91%         3    ####...
 Inner Flame              Hex/Fire       #.......     91%         3    ####...
 Mephitic Cloud           Conj/Pois/Air  #.......     91%         3    ####...
 Portal Projectile        Hex/Tloc       #.....       91%         3    ####...
 Cause Fear               Hex            #.........   100%        4    #####..
 Leda's Liquefaction      Hex/Erth       #.........   100%        4    #####..


Dungeon Overview and Level Annotations

Branches:
Dungeon (8/15)             Temple (1/1) D:5         Ossuary (visited)
   Lair: D:8-11

Altars:
Ashenzari
Dithmenos
Elyvilon
Hepliaklqana
Kikubaaqudgha
Makhleb
Okawaru
Qazlal
Ru
Sif Muna
Trog
Vehumet
Wu Jian
Xom
Yredelemnul
Zin

Shops:
D:4 (   D:7 ?

Annotations:
D:4 exclusion: statue


Innate Abilities, Weirdness & Mutations

You have sharp toenails.
You are slightly more attuned to the shadows.
You are partially covered in sharp spines.
You cannot be stealthy.
When seriously injured, your bleeding wounds create armour. (AC +6)


Message History

Your blood congeals into armour.
The two-headed ogre barely misses you. The iguana is struck by your spines.
You kill the iguana!
You sock the two-headed ogre! Your kick misses the two-headed ogre.
The two-headed ogre is moderately wounded.
The two-headed ogre completely misses you.
The two-headed ogre barely misses you.
You puncture the two-headed ogre!
The two-headed ogre is heavily wounded.
The two-headed ogre hits you with a cursed -1 giant spiked club!
The two-headed ogre hits you with a +0 giant club!!
* * * LOW HITPOINT WARNING * * *
You completely miss the two-headed ogre.
You claw the two-headed ogre, but do no damage.
The two-headed ogre is heavily wounded.
As you read the scroll of teleportation, it crumbles to dust.
You feel strangely unstable.
The two-headed ogre is struck by your spines.
The two-headed ogre hits you with a cursed -1 giant spiked club!
You die...

.###
...............# .#
................#
.#
...%............##
.#
................#
..
.............<..#
.. #..........#†..#
...#.#......<.#...#
#.....?.#...##.##
##.O@...#.######
#.....#####
#....### ......
..##.. . #.. ###


You could see a two-headed ogre.

Vanquished Creatures
  4 hogs (D:7)
  A human (D:7)
  Eustachio (D:5)
  Menkaure (D:7)
  2 sky beasts
  An ice beast (D:6)
  2 black bears
  2 ogres (D:7)
  A centaur (D:5)
  A big kobold (D:5)
  Blork the orc (D:4)
  A bullfrog (D:7)
  A water moccasin skeleton (D:6)
  2 crimson imps
  3 jellies
  A hound (D:7)
  An orc priest (D:5)
  3 iguanas
  2 orc wizards (D:6)
  4 worker ants
  8 big kobold zombies (Ossuary)
  A worker ant zombie (D:6)
  A mummy (Ossuary)
  4 gnolls (D:3)
  5 adders
  4 shadow imps
  An ooze (D:5)
  2 dart slugs (D:1)
  A worm (D:6)
  4 leopard geckos
  9 orcs (D:6)
  6 spectral bats (Ossuary)
  2 giant cockroaches
  4 gnoll zombies (Ossuary)
  11 goblins
  8 hobgoblins
  4 jackals
  2 quokkas
  4 ball pythons
  14 bats
  5 bat simulacra (Ossuary)
  4 frilled lizards
  8 goblin zombies (Ossuary)
  A hobgoblin zombie (Ossuary)
  A jackal skeleton (D:5)
  26 kobolds
  3 kobold simulacra (Ossuary)
  4 kobold zombies (Ossuary)
  5 orc zombies (Ossuary)
  A quokka zombie (D:7)
  7 rats
  5 rat simulacra (Ossuary)
  5 spectral goblins (Ossuary)
  4 spectral kobolds (Ossuary)
  3 spectral rats (Ossuary)
  A plant (D:5)
213 creatures vanquished.

Notes
Turn   | Place    | Note
-------+----------+-------------------------------------------
     0 | D:1      | Frank2 the Demonspawn Gladiator began the quest for the
                  | Orb.
     0 | D:1      | Reached XP level 1. HP: 16/16 MP: 1/1
    87 | D:1      | Gained mutation: You have sharp toenails. [demonic
                  | ancestry]
    87 | D:1      | Reached XP level 2. HP: 6/22 MP: 2/2
   480 | D:1      | Reached skill level 3 in Maces & Flails
   722 | D:1      | Reached XP level 3. HP: 27/27 MP: 3/3
  2055 | D:2      | Gained mutation: You are slightly more attuned to the
                  | shadows. [demonic ancestry]
  2055 | D:2      | Reached XP level 4. HP: 22/34 MP: 4/4
  2687 | D:3      | Found a faded altar of an unknown god.
  2746 | D:3      | Reached skill level 1 in Armour
  3940 | D:4      | Reached skill level 4 in Maces & Flails
  3940 | D:4      | Reached XP level 5. HP: 40/40 MP: 5/5
  4030 | D:4      | Noticed Blork the orc
  4042 | D:4      | Killed Blork the orc
  4246 | D:4      | Found a radiant altar of Vehumet.
  4262 | D:4      | Found Zuufaeh's Antique Weapon Shoppe.
  4409 | D:4      | Noticed a charred statue
  4444 | D:5      | Entered Level 5 of the Dungeon
  4460 | D:5      | Reached XP level 6. HP: 28/47 MP: 6/6
  4589 | D:5      | Noticed Eustachio
  4608 | D:5      | Killed Eustachio
  4608 | D:5      | Reached skill level 5 in Maces & Flails
  4620 | D:5      | Found a white marble altar of Elyvilon.
  4665 | D:5      | Found a sand-covered staircase.
  4674 | Ossuary  | Entered an ossuary
  4946 | Ossuary  | Gained mutation: When seriously injured, your bleeding
                  | wounds create armour. (AC +6) [demonic ancestry]
  4946 | Ossuary  | Reached XP level 7. HP: 40/52 MP: 7/7
  5455 | D:5      | Found a staircase to the Ecumenical Temple.
  5480 | Temple   | Entered the Ecumenical Temple
  5486 | Temple   | Became a worshipper of Ru the Awakened
  5507 | D:5      | Found a glowing silver altar of Zin.
  5815 | D:5      | Reached skill level 6 in Maces & Flails
  6289 | D:5      | Gained mutation: You are partially covered in sharp spines.
                  | [demonic ancestry]
  6289 | D:5      | Reached XP level 8. HP: 39/60 MP: 8/8
  6792 | D:6      | Gained mutation: You cannot be stealthy. [Ru sacrifice]
  6923 | D:6      | Reached skill level 7 in Maces & Flails
  7451 | D:7      | Found Geekiaxkug's Magic Scroll Shoppe.
  7459 | D:7      | Bought a scroll of enchant armour for 112 gold pieces
  7686 | D:7      | Found a glowing silver altar of Zin.
  7694 | D:7      | Found an ancient bone altar of Kikubaaqudgha.
  7694 | D:7      | Found a hazy altar of Hepliaklqana.
  7776 | D:7      | Reached skill level 5 in Fighting
  7776 | D:7      | Reached skill level 8 in Maces & Flails
  7781 | D:7      | Reached XP level 9. HP: 66/68 MP: 9/9
  7900 | D:7      | Noticed Menkaure
  7905 | D:7      | Killed Menkaure
  7905 | D:7      | Reached skill level 5 in Dodging
  7910 | D:7      | You fall into a shaft and drop 1 floor!
  8153 | D:8      | Reached skill level 9 in Maces & Flails
  8165 | D:8      | Noticed a two-headed ogre
  8180 | D:8      | Slain by a two-headed ogre

Levels and vault maps discovered:
D:1:      beargit_arrival_greenhouse, layout_basic, minivault_4, nrook_uturn,
          minmay_misc_feat_secret_circle
D:2:      layout_basic, first_ration, minmay_misc_feat_doors,
          grunt_decor_arrowhead
D:3:      layout_basic, chequers_ecumenical_altar_simple_redux
D:4:      layout_cave_pools, vehumet_statue, serial_shops, shop_fountains,
          uniq_blork_the_orc
D:5:      kennysheep_kobold_camp, layout_basic, kennysheep_little_box,
          minmay_temple_entry_proselytizer, basic_altar,
          lightli_ossuary_entry_decrepit_ruins, uniq_eustachio
D:6:      layout_loops_corners
D:7:      layout_loops_ring, minitemple, serial_shops, shop, grunt_livestock,
          uniq_menkaure
D:8:      layout_cave_pools, gammafunk_ghost_hydra_chop
Temple:   nicolae_temple_x_marks_the_god

Skill      XL: |  1  2  3  4  5  6  7  8  9 |
---------------+----------------------------+-----
Dodging        | 3 4 5 |  5.1
Maces & Flails | 3 4 5 6 8 9 |  9.0
Armour         | 1 2 3 4 |  4.9
Fighting       | 3 4 5 |  5.7
Throwing       | |  1.7

Action                   |  1- 3 |  4- 6 |  7- 9 || total
-------------------------+-------+-------+-------++-------
Melee: Flail             |   112 |   151 |   219 ||   482
       Kick              |    19 |    38 |    97 ||   154
       Morningstar       |       |       |   110 ||   110
Throw: Throwing net      |       |     4 |     4 ||     8
Invok: Sacrifice Stealth |       |       |     1 ||     1
  Use: Scroll            |       |     6 |     9 ||    15
       Potion            |       |     5 |     2 ||     7
 Stab: Sleeping          |     1 |    14 |    14 ||    29
       Held in net/web   |       |     2 |       ||     2
       Distracted        |       |       |     1 ||     1
  Eat: Chunk             |     3 |     6 |     8 ||    17
       Ration            |       |     1 |     1 ||     2
Armor: Leather armour    |    39 |       |       ||    39
       Ring mail         |     7 |    51 |   115 ||   173
Dodge: Dodged            |   108 |    85 |   230 ||   423
